 Dungeon Crawl Stone Soup version 0.17.0-57-g0e89251 (webtiles) character file.

37 DeXoteric the Sneak (level 3, -1/18 HPs)
             Began as a Vine Stalker Assassin on Dec 7, 2015.
             Slain by an adder (3 damage)
             ... on level 2 of the Dungeon.
             The game lasted 00:02:20 (732 turns).

DeXoteric the Sneak (Vine Stalker Assassin)          Turns: 732, Time: 00:02:20

Health: -1/18      AC:  3    Str: 13    XL:     3   Next: 39%
Magic:  0/4        EV: 11    Int: 11    God:
Gold:   39         SH:  0    Dex: 16    Spells: 0 memorised, 2 levels left

rFire  . . .     SeeInvis .     a - +2 dagger
rCold  . . .     Clarity  .     c - +0 robe
rNeg   . . .     SustAt   .     o - +0 buckler
rPois  .         Gourm    .     (no helmet)
rElec  .         Spirit   +     d - +0 cloak
rCorr  .         Warding  .     (no gloves)
rMut   .         Stasis   .     (no boots)
MR     .....                    (no amulet)
Stlth  +.........               (no ring)
                                (no ring)

@: confused, lethally poisoned (-1 -> -3), not resistant to hostile
enchantments, very unstealthy
A: fangs 2, regeneration 1, magic shield, antimagic bite, no device heal 3, rot
immunity
a: no special abilities


You were on level 2 of the Dungeon.
You were not hungry.

You visited 1 branch of the dungeon, and saw 2 of its levels.

You collected 39 gold pieces.

Inventory:

Hand Weapons
 a - a +2 dagger (weapon)
 b - a +0 blowgun
Missiles
 e - 8 poisoned needles
 f - 2 curare-tipped needles
Armour
 c - a +0 robe (worn)
 d - a +0 cloak (worn)
 o - a +0 buckler (worn)
Scrolls
 i - a scroll of random uselessness {unknown}
 k - a scroll of fog {unknown}
 m - 2 scrolls of identify {unknown}
 n - a scroll of teleportation {unknown}
 q - a scroll of recharging {unknown}
 r - a scroll of fear {unknown}
Potions
 j - a potion of flight {unknown}
 p - a potion of curing {unknown}
Comestibles
 g - 2 bread rations
 h - 7 chunks of flesh
 l - a royal jelly


   Skills:
 - Level 1.7 Fighting
 + Level 2.6 Short Blades
 - Level 1.7 Throwing
 - Level 0.7 Dodging
 + Level 5.6 Stealth


You had 2 spell levels left.
You didn't know any spells.

Dungeon Overview and Level Annotations

Branches:
Dungeon (2/15)

Altars:
Elyvilon
Ru

Annotations:
D:2 Terence


Innate Abilities, Weirdness & Mutations

You have extremely sharp teeth.
Your natural rate of healing is unusually fast.
When hurt, damage is shared between your health and your magic reserves.
Your bite disrupts and absorbs the magic of your enemies.
Potions and wands cannot restore your health.
You are immune to rotting.


Message History

The adder poisons you!
You completely miss Terence. You bite Terence. You drain his power.
You feel invigorated.
You feel sick. The adder bites you.
* * * LOW HITPOINT WARNING * * *
Terence zaps a wand.
You resist with some effort. The worm bites you.
* * * LOW HITPOINT WARNING * * *
You're too confused to move!
* * * LOW HITPOINT WARNING * * *
You feel sick. The adder completely misses you.
The adder bites you but does no damage.
Found a sacrificial altar of Ru.
You bump into the rock wall.
* * * LOW HITPOINT WARNING * * *
You feel sick. The adder closely misses you.
You bump into the rock wall.
The adder bites you.
You are lethally poisoned!
The adder poisons you!
You're too confused to move!
The adder bites you.
You die...

####...## ##.....## ###.......#
#.......# #.#
..........########......>###..#
..............................
##################.......#..#
##_# #.........# #8. 8...8##
#........# ##..
.....####........# #8..
.....>#f#.....†..# .##
.....##.S@.......# ##.#
8...8#####.####....# ...# ##_#
#....# ...### .## #
#.........@.. .#
#.........w#.#### .#
.............. .#
........###..# .# r........ ###


You could see Terence and an adder.

Vanquished Creatures
  2 giant geckos
  2 giant cockroaches (D:1)
  6 goblins (D:1)
  4 hobgoblins (D:1)
  5 kobolds (D:1)
  A quokka (D:2)
  A ball python (D:1)
  2 bats (D:1)
  A giant newt (D:1)
  4 jackals (D:2)
  2 rats (D:1)
30 creatures vanquished.

Notes
Turn   | Place    | Note
--------------------------------------------------------------
     0 | D:1      | DeXoteric the Vine Stalker Assassin began the quest for the Orb.
     0 | D:1      | Reached XP level 1. HP: 11/11 MP: 2/2
    34 | D:1      | Reached skill level 5 in Stealth
    38 | D:1      | Reached XP level 2. HP: 13/15 MP: 3/3
   406 | D:1      | Reached XP level 3. HP: 18/18 MP: 4/4
   674 | D:2      | Noticed Terence
   719 | D:2      | Found a white marble altar of Elyvilon.
   729 | D:2      | Found a sacrificial altar of Ru.
   732 | D:2      | Slain by an adder

Action                   || total
-------------------------++-------
Melee: Dagger            ||    87
 Stab: Sleeping          ||     3
